 Dungeon Crawl Stone Soup version 0.18.1-51-gd549091e01 (webtiles) character file.

42274 magog001 the Peltast (level 13, 0/112 HPs)
             Began as a Minotaur Fighter on Mar 23, 2021.
             Was a Priest of Nemelex Xobeh.
             Killed from afar by a deep elf mage (18 damage)
             ... with a bolt of lightning
             ... on level 1 of the Elven Halls on Mar 24, 2021.
             The game lasted 01:37:02 (15732 turns).

magog001 the Peltast (Minotaur Fighter)            Turns: 15732, Time: 01:37:03

Health: 0/112      AC: 30    Str: 26    XL:     13   Next: 84%
Magic:  13/13      EV:  4    Int:  4    God:    Nemelex Xobeh [***...]
Gold:   562        SH: 29    Dex: 11    Spells: 0 memorised, 12 levels left

rFire  + . .     SeeInvis +     a - +3 war axe
rCold  + . .     Gourm    .     L - +1 crystal plate armour
rNeg   . . .     Faith    .     K - +7 large shield of the Elephant {rC+ rCorr}
rPois  +         Spirit   .     (helmet unavailable)
rElec  .         Dismiss  .     (no cloak)
rCorr  +         Reflect  .     i - +0 pair of gloves
SustAt .         Harm     .     (no boots)
MR     .....                    o - amulet of regeneration
Stlth  ..........               J - +4 ring of protection
                                V - ring "Plog" {*Drain rPois rF+ SInv}

@: not resistant to hostile enchantments, extremely unstealthy
A: retaliatory headbutt, claws 1, horns 3, yellow scales 1
a: Triple Draw, Renounce Religion


You were on level 1 of the Elven Halls.
You worshipped Nemelex Xobeh.
Nemelex Xobeh was most pleased with you.
You were not hungry.

You visited 4 branches of the dungeon, and saw 15 of its levels.
You also visited: Bailey.

You collected 1663 gold pieces.
You spent 1101 gold pieces at shops.

Inventory:

Hand Weapons
 a - a +3 war axe (weapon)
 E - the +4 hunting sling of the Doomed Warrior {velocity, rPois Str+3 SInv}
   (You bought it in a shop on level 2 of the Orcish Mines)

   Any stone fired from it inflicts extra damage.
   It affects your strength (+3).
   It protects you from poison.
   It lets you see invisible.
Missiles
 n - 432 stones
 r - 156 sling bullets
 O - 4 exploding tomahawks (quivered)
Armour
 i - a +0 pair of gloves (worn)
 K - the +7 large shield of the Elephant (worn) {rC+ rCorr}
   (You found it in a bailey)

   It protects you from cold.
   It protects you from acid and corrosion.
 L - a +1 crystal plate armour (worn)
Jewellery
 h - a +3 ring of protection
 o - an amulet of regeneration (around neck)
 x - an uncursed ring of flight
 J - a +4 ring of protection (right hand)
 V - the ring "Plog" (left hand) {*Drain rPois rF+ SInv}
   (You found it on level 11 of the Dungeon)

   [ring of see invisible]

   It protects you from fire.
   It protects you from poison.
   It lets you see invisible.
   It causes draining when unequipped.
Wands
 e - a wand of hasting (0/9)
 P - a wand of flame (10/48)
 R - a wand of slowing (16/48)
 U - a wand of lightning (0/15)
Scrolls
 j - 12 scrolls of remove curse
 s - 3 scrolls of teleportation
 u - 2 scrolls of amnesia
 v - 2 scrolls of fear
 w - 3 scrolls of recharging
 G - a scroll of blinking
 Q - a scroll of fog
Potions
 d - a potion of cancellation
 k - a potion of invisibility
 l - 2 potions of magic
 p - a potion of brilliance
 A - 2 potions of haste
 B - 2 potions of agility
 D - a potion of lignification {unknown}
 F - a potion of resistance
 H - a potion of cure mutation
 M - 2 potions of curing
 N - a potion of flight {unknown}
 T - a potion of beneficial mutation {unknown}
Miscellaneous
 c - a legendary deck of war {drawn: 2}
 y - a plain deck of escape
 C - a plain deck of war {drawn: 1}
 I - a lamp of fire
 S - a plain deck of war
Comestibles
 b - a slice of pizza
 f - 11 bread rations
 q - 3 beef jerkies
 t - 9 fruits
 z - 5 meat rations
 W - 6 royal jellies


   Skills:
 + Level 9.6 Fighting
 * Level 14.5 Axes
 * Level 12.4 Armour
 + Level 0.5 Stealth
 * Level 18.4 Shields
 + Level 2.2 Evocations


You had 12 spell levels left.
You didn't know any spells.

Dungeon Overview and Level Annotations

Branches:
Dungeon (11/15)            Temple (1/1) D:6            Lair (0/8) D:9
    Orc (2/2) D:11            Elf (1/3) Orc:2

Altars:
Ashenzari
Cheibriados
Dithmenos
Elyvilon
Gozag
Kikubaaqudgha
Makhleb
Nemelex Xobeh
Pakellas
Qazlal
Ru
Sif Muna
Trog
Vehumet
Xom
Yredelemnul
The Shining One
Beogh

Shops:
D:7 =   Orc:2 :([*


Innate Abilities, Weirdness & Mutations

You reflexively headbutt those who attack you in melee.
You have a pair of large horns on your head.
You have sharp fingernails.
You are partially covered in yellow scales (AC +2).


Message History

The deep elf archer unwields an uncursed dagger of draining.
The deep elf archer wields a shortbow.
The deep elf archer shoots an arrow.
You block the arrow.
The deep elf archer unwields an uncursed dagger.
The deep elf archer wields a longbow.
The deep elf archer shoots an arrow.
The arrow hits you!
* * * LOW HITPOINT WARNING * * *
The deep elf archer unwields an uncursed dagger.
The deep elf archer wields a longbow.
The deep elf archer shoots an arrow.
You block the arrow.
The deep elf mage casts a spell.
The deep elf mage blinks!
The deep elf archer shoots an arrow.
The arrow hits you!
* * * LOW HITPOINT WARNING * * *
You see here 2 arrows.
You open the door.
The deep elf archer shoots an arrow.
You block the arrow.
The deep elf mage points at you and mumbles some strange words.
The bolt of lightning hits you!
You die...
Your body glows with a rainbow of weird colours and disappears.

#.....'.........'........##
#.#
#.....###########.........#
#.# ##..)'## #.........#
#.# ##+##.## #.........#
#.# #.###.##
##......)(###.# #.#
##.####### #'...()##)##'##
#.#
##.##.e.##.##...####(#...
#.# ##'.....'# ##'## ##)...
#.# ##..e..@.## #.# ##....
#.# #....ยง.(..# #.# #.....
#.# #......e..# #.# #.....
#.# #....e....# #.# #.....
#.# ##.......## #.# ##....
#.# ##<....## #.# #+... #.#
##...#'## #.# ##.. ###'#
##'###.###.# ##+ #...## #.#
##.##'##


You could see 3 deep elf archers and a deep elf mage.

Vanquished Creatures
  The ghost of PeterLawrence the Warrior, an adept MiFi of Okawaru (Orc:2)
  An orc warlord (D:11)
  An ettin (Orc:2)
  Fannar (D:11)
  The ghost of magog001 the Cleaver, a journeyman HOFi of Nemelex Xobeh (Orc:1)
  Josephine (Orc:1)
  A hydra (D:11)
  A dancing weapon (Elf:1)
  4 orc high priests
  2 deep elf knights (Elf:1)
  Sonja (D:11)
  5 deep elf archers (Elf:1)
  2 unseen horrors
  6 orc knights
  The ghost of Sapher the Chopper, a novice DDFi (Bailey)
  9 deep elf magi (Elf:1)
  2 hill giants
  4 orc sorcerers
  3 cyclopes
  An ugly thing (D:11)
  Psyche (D:11)
  An elephant (Bailey)
  A komodo dragon (D:9)
  8 trolls
  A queen bee (D:11)
  A boulder beetle (shapeshifter) (Elf:1)
  Sigmund (D:8)
  An air elemental (Elf:1)
  5 wraiths
  2 fire elementals (Elf:1)
  Menkaure (D:4)
  3 hippogriffs
  Grum (D:9)
  3 vampire mosquitoes (D:8)
  8 wargs
  29 orc warriors
  2 sky beasts
  4 ice beasts
  4 black bears
  11 ogres
  3 phantoms
  A necrophage (D:9)
  3 wolves (D:9)
  7 centaurs
  2 big kobolds
  6 giant frogs
  An earth elemental (Elf:1)
  A wyvern skeleton (D:8)
  3 scorpions
  A water moccasin skeleton (D:8)
  20 killer bees
  6 wights
  3 electric eels (D:6)
  A giant frog zombie (D:11)
  2 crimson imps
  6 hounds
  7 jellies
  12 orc priests
  2 giant frog skeletons
  2 centaur skeletons
  18 orc wizards
  3 iguanas
  12 worker ants
  2 sheep (Orc:1)
  5 worker ant zombies
  A howler monkey skeleton (D:7)
  A howler monkey zombie (D:3)
  10 adders
  A hound simulacrum (D:9)
  2 shadow imps
  3 oozes
  2 adder skeletons
  3 worms
  8 dart slugs
  4 giant geckos
  72 orcs
  10 bats
  2 bat zombies (D:8)
  4 giant cockroaches
  9 goblins
  12 hobgoblins
  3 jackals
  12 kobolds
  4 quokkas
  A ball python (D:3)
  A giant gecko skeleton (D:9)
  A giant newt (D:1)
  6 rats
  A rat zombie (D:8)
  2 fungi (Orc:2)
  A plant (D:9)
441 creatures vanquished.

Vanquished Creatures (collateral kills)
  An orc warrior (Bailey)
  A centaur (D:11)
  A worm (Bailey)
  2 orcs
5 creatures vanquished.

Vanquished Creatures (others)
  Erolcha (D:11)
  2 deep elf knights (Elf:1)
  3 dart slugs (D:6)
  5 fungi (Orc:2)
11 creatures vanquished.

Grand Total: 457 creatures vanquished

Notes
Turn   | Place    | Note
--------------------------------------------------------------
     0 | D:1      | magog001 the Minotaur Fighter began the quest for the Orb.
     0 | D:1      | Reached XP level 1. HP: 19/19 MP: 0/0
   146 | D:1      | Reached XP level 2. HP: 27/27 MP: 1/1
  1004 | D:2      | Reached XP level 3. HP: 33/33 MP: 2/2
  1527 | D:3      | Reached skill level 4 in Shields
  1764 | D:3      | Reached XP level 4. HP: 38/40 MP: 3/3
  1961 | D:3      | Found an oddly glowing altar of Pakellas.
  2236 | D:3      | Reached XP level 5. HP: 46/46 MP: 4/4
  3063 | D:4      | Reached skill level 5 in Armour
  3063 | D:4      | Reached skill level 5 in Shields
  3389 | D:4      | Noticed Menkaure
  3394 | D:4      | Killed Menkaure
  3394 | D:4      | Reached XP level 6. HP: 53/53 MP: 5/5
  3554 | D:5      | Entered Level 5 of the Dungeon
  3594 | D:5      | Reached skill level 6 in Shields
  4091 | D:6      | Found a bloodstained altar of Trog.
  4103 | D:6      | Reached skill level 5 in Axes
  4103 | D:6      | Reached XP level 7. HP: 55/60 MP: 6/6
  4169 | D:6      | Reached skill level 5 in Fighting
  4191 | D:6      | Reached skill level 7 in Shields
  4316 | D:6      | Gained mutation: You have sharp fingernails. [potion of mutation]
  4316 | D:6      | Gained mutation: You are partially covered in yellow scales (AC +2). [potion of mutation]
  4316 | D:6      | Gained mutation: You have a pair of large horns on your head. [potion of mutation]
  4317 | D:6      | Gained mutation: You regenerate slowly when monsters are visible. [potion of mutation]
  4317 | D:6      | Lost mutation: You regenerate slowly when monsters are visible. [potion of mutation]
  4541 | D:6      | Reached XP level 8. HP: 41/68 MP: 7/7
  4911 | D:6      | Found a staircase to the Ecumenical Temple.
  4918 | Temple   | Entered the Ecumenical Temple
  4927 | Temple   | Became a worshipper of Nemelex Xobeh the Trickster
  5034 | D:6      | Received a gift from Nemelex Xobeh
  5446 | D:7      | Reached skill level 8 in Shields
  5734 | D:7      | Found a sacrificial altar of Ru.
  6073 | D:7      | Reached skill level 9 in Shields
  6099 | D:7      | Found Wiwirchuc's Jewellery Shop.
  6104 | D:7      | Bought a +3 ring of protection for 294 gold pieces
  6162 | D:7      | Reached XP level 9. HP: 75/75 MP: 8/8
  6376 | D:8      | Found a flagged portal.
  6387 | Bailey   | Entered a bailey
  6399 | Bailey   | Reached * piety under Nemelex Xobeh
  6438 | Bailey   | Received a gift from Nemelex Xobeh
  6440 | Bailey   | Noticed Sapher's ghost (novice DDFi)
  6473 | Bailey   | Killed Sapher's ghost
  6473 | Bailey   | Reached skill level 1 in Evocations
  6528 | Bailey   | Noticed an orc knight
  6529 | Bailey   | Noticed an orc knight
  6634 | Bailey   | Noticed an elephant
  6634 | Bailey   | an orc knight changed into an elephant
  6640 | Bailey   | Killed an orc knight
  6640 | Bailey   | Reached skill level 10 in Shields
  6651 | Bailey   | Noticed an orc knight
  6672 | Bailey   | Killed an orc knight
  6683 | Bailey   | Killed an elephant
  6683 | Bailey   | Reached XP level 10. HP: 52/86 MP: 10/10
  6889 | Bailey   | Got a jewelled large shield
  6904 | Bailey   | Identified the +7 large shield of the Elephant {rC+ rCorr} (You found it in a bailey)
  7278 | D:8      | Found a basalt altar of Yredelemnul.
  7444 | D:8      | Found a white marble altar of Elyvilon.
  7461 | D:8      | Found a snail-covered altar of Cheibriados.
  7466 | D:8      | Found a shimmering altar of Xom.
  7466 | D:8      | Found a shattered altar of Ashenzari.
  7581 | D:8      | Noticed Sigmund
  7595 | D:8      | Killed Sigmund
  7595 | D:8      | Reached skill level 11 in Shields
  7729 | D:8      | Found Bacwuc's Food Emporium.
  7805 | D:8      | Bought 3 fruits for 54 gold pieces
  7805 | D:8      | Bought a bread ration for 60 gold pieces
  7805 | D:8      | Bought a bread ration for 60 gold pieces
  7805 | D:8      | Bought a slice of pizza for 18 gold pieces
  7805 | D:8      | Bought a beef jerky for 18 gold pieces
  7930 | D:8      | Found an ancient bone altar of Kikubaaqudgha.
  8001 | D:8      | Bought a beef jerky for 18 gold pieces
  8113 | D:9      | Noticed Grum
  8124 | D:9      | Reached skill level 10 in Axes
  8151 | D:9      | Killed Grum
  8181 | D:9      | Found a staircase to the Lair.
  8296 | D:9      | Received a gift from Nemelex Xobeh
  8532 | D:9      | Reached ** piety under Nemelex Xobeh
  8750 | D:9      | Found a deep blue altar of Sif Muna.
  8810 | D:9      | Reached skill level 12 in Shields
  8822 | D:9      | Reached skill level 10 in Armour
  9620 | D:9      | Killed an unseen horror
  9620 | D:9      | Reached XP level 11. HP: 93/93 MP: 11/11
  9706 | D:8      | Bought a bread ration for 60 gold pieces
  9706 | D:8      | Bought a bread ration for 60 gold pieces
  9706 | D:8      | Bought a bread ration for 60 gold pieces
  9785 | D:10     | Entered Level 10 of the Dungeon
 10005 | D:10     | Received a gift from Nemelex Xobeh
 10037 | D:10     | Reached skill level 13 in Shields
 10131 | D:10     | Noticed a hill giant
 10138 | D:10     | Killed a hill giant
 10627 | D:11     | Noticed Sonja
 10632 | D:11     | Noticed a brown ugly thing
 10657 | D:11     | Killed a brown ugly thing
 10668 | D:11     | Drew Focus: Str increased to 25, Int decreased to 4
 10669 | D:11     | Killed Sonja
 10935 | D:11     | Found a staircase to the Orcish Mines.
 10935 | D:11     | Noticed Fannar
 10935 | D:11     | Noticed a hill giant
 10953 | D:11     | Killed a hill giant
 11012 | D:11     | Killed Fannar
 11012 | D:11     | Reached skill level 14 in Shields
 11045 | D:11     | Received a gift from Nemelex Xobeh
 11118 | D:11     | Noticed Erolcha
 11126 | D:11     | Killed Erolcha
 11225 | D:11     | Killed an unseen horror
 11314 | D:11     | Reached skill level 15 in Shields
 11334 | D:11     | Got a bound golden ring
 11336 | D:11     | Identified the ring "Plog" {*Drain rPois rF+ SInv} (You found it on level 11 of the Dungeon)
 11429 | D:11     | Noticed a six-headed hydra
 11451 | D:11     | Killed an 11-headed hydra
 11451 | D:11     | Reached XP level 12. HP: 63/102 MP: 12/12
 11582 | D:11     | Reached *** piety under Nemelex Xobeh
 11582 | D:11     | Found a shimmering altar of Xom.
 11585 | D:11     | Noticed Psyche
 11593 | D:11     | Killed Psyche
 11716 | Orc:1    | Entered Level 1 of the Orcish Mines
 11716 | Orc:1    | Noticed magog001's ghost (journeyman HOFi)
 11759 | Orc:1    | Killed magog001's ghost
 11977 | Orc:1    | Found a roughly hewn altar of Beogh.
 12109 | Orc:2    | Entered Level 2 of the Orcish Mines
 12109 | Orc:2    | Noticed an orc high priest
 12112 | Orc:2    | Noticed an orc high priest
 12114 | Orc:2    | Noticed an orc warlord
 12533 | D:11     | Killed an orc warlord
 12538 | D:11     | HP: 4/103 [orc knight/great sword (19)]
 12541 | D:11     | Reached skill level 16 in Shields
 12927 | Orc:2    | Paralysed by an orc sorcerer for 4 turns
 13055 | Orc:2    | Paralysed by an orc sorcerer for 4 turns
 13069 | Orc:1    | Killed an orc high priest
 13141 | Orc:1    | Killed an orc high priest
 13183 | Orc:2    | Noticed an orc high priest
 13258 | Orc:2    | Paralysed by an orc sorcerer for 7 turns
 13269 | Orc:1    | Paralysed by an orc sorcerer for 6 turns
 13388 | Orc:1    | Killed an orc high priest
 13502 | Orc:2    | Received a gift from Nemelex Xobeh
 13525 | Orc:2    | Found Eziodora's Antique Armour Emporium.
 13533 | Orc:2    | Noticed an orc high priest
 13573 | Orc:2    | Killed an orc high priest
 13573 | Orc:2    | Reached XP level 13. HP: 44/110 MP: 13/13
 13700 | Orc:2    | Noticed PeterLawrence's ghost (adept MiFi)
 13764 | Orc:2    | Noticed Josephine
 13782 | Orc:2    | Reached skill level 17 in Shields
 13795 | Orc:1    | Killed Josephine
 14094 | Orc:2    | Killed PeterLawrence's ghost
 14203 | Orc:2    | Noticed an ettin
 14222 | Orc:2    | Killed an ettin
 14309 | Orc:2    | Found Vuaduepse's Book Emporium.
 14397 | Orc:2    | Found Orchojao's General Store.
 14424 | Orc:2    | Bought a scroll of teleportation for 54 gold pieces
 14424 | Orc:2    | Bought a potion of invisibility for 144 gold pieces
 14460 | Orc:2    | Found a staircase to the Elven Halls.
 14494 | Orc:2    | Found Iva Wih's Antique Weapon Emporium.
 14508 | Orc:2    | Bought an ichor-stained hunting sling for 201 gold pieces
 14508 | Orc:2    | Identified the +4 hunting sling of the Doomed Warrior {velocity, rPois Str+3 SInv} (You bought it in a shop on level 2 of the Orcish Mines)
 15020 | Elf:1    | Entered Level 1 of the Elven Halls
 15309 | Elf:1    | Reached skill level 18 in Shields
 15732 | Elf:1    | Killed from afar by a deep elf mage

Skill      XL: |  1  2  3  4  5  6  7  8  9 10 11 12 13 |
---------------+----------------------------------------+-----
Armour         | 4 5 6 8 9 10 11 12 | 12.4
Axes           | 3 4 5 6 7 9 10 12 13 14 | 14.5
Fighting       | 4 5 6 7 8 9 |  9.6
Shields        | 4 5 6 7 9 10 12 15 16 18 | 18.4
Evocations     | 1 2 |  2.2
Stealth        | |  0.5

Action                   |  1- 3 |  4- 6 |  7- 9 | 10-12 | 13-15 || total
-------------------------+-------+-------+-------+-------+-------++-------
Melee: War axe           |    87 |   138 |   216 |   992 |   613 ||  2046
       Headbutt          |    10 |    18 |    44 |   205 |    85 ||   362
 Abil: Evoke Flight      |       |       |     3 |     2 |       ||     5
Evoke: Deck              |       |       |     5 |     6 |     6 ||    17
       Lamp of fire      |       |       |       |     2 |     1 ||     3
       Wand              |       |       |       |     5 |     9 ||    14
  Use: Scroll            |       |    15 |     2 |     8 |     2 ||    27
       Potion            |       |     6 |     4 |     5 |       ||    15
  Eat: Chunk             |     3 |     6 |     2 |     4 |       ||    15
       Beef jerky        |       |     1 |       |       |       ||     1
       Bread ration      |       |       |     1 |     1 |     2 ||     4
       Royal jelly       |       |       |     1 |     1 |       ||     2
       Pizza             |       |       |       |     3 |     1 ||     4
       Meat ration       |       |       |       |     2 |       ||     2
Armor: Scale mail        |     1 |       |       |       |       ||     1
       Plate armour      |    70 |   127 |   114 |       |       ||   311
       Crystal plate arm |       |       |       |   498 |   120 ||   618
Dodge: Dodged            |    12 |    37 |    62 |    45 |    19 ||   175
Block: Shield            |    53 |   100 |   145 |       |       ||   298
       Large shield      |       |       |       |  1265 |   520 ||  1785
